[Event "42nd Olympiad Baku 2016 Women"]
[Site "Baku"]
[Date "2016.09.08"]
[Round "6.14"]
[White "Fronda, Jan Jodilyn"]
[Black "Fuentes Godoy, Lilia Ivonne"]
[Result "1-0"]
[ECO "B30"]
[WhiteElo "2128"]
[BlackElo "2142"]
[Annotator ""]
[PlyCount "79"]
[EventDate "2016.??.??"]
[EventType "team-tourn"]
[EventCountry "AZE"]
[SourceTitle "playchess.com"]
[Source "ChessBase"]
[WhiteTeam "Philippines"]
[BlackTeam "Mexico"]
[WhiteTeamCountry "PHI"]
[BlackTeamCountry "MEX"]
[TimeControl "40/5400+30:1800+30"]

1. e4 {(00:50} c5 {(00:00} 2. Nf3 {(00:04} Nc6 {
(00:00} 3. Bb5 {(00:15} e6 {(00:20} 4. Bxc6 {(
01:09} bxc6 {(00:15} 5. b3 {(01:12} Ne7 {(01:00} 6. e5
{(01:42} Ng6 {(04:49} 7. h4 {(02:44} f6 {(06:12]
} 8. Bb2 {(02:40} Be7 {(05:36} 9. d3 {(04:49} fxe5 {
(10:16} 10. h5 {(01:34} Nh4 {(07:34} 11. Nxe5 {(
07:20} Bf6 {(09:52} 12. g3 {(06:37} Qc7 {(05:39} 13.
f4 {(19:44} d6 {(09:05} 14. Rxh4 {(16:22} dxe5 {
(08:07} 15. Nd2 {(09:05} Bxh4 {(06:04} 16. gxh4 {
(00:21} exf4 {(13:10} 17. h6 {(03:40} e5 {(07:
41} 18. Qe2 {(02:26} Qe7 {(02:06} 19. Qxe5 {(00:55}
Qxe5+ {(01:06} 20. Bxe5 {(00:04} Bg4 {(00:32} 21. hxg7
{(00:14} Rg8 {(00:06} 22. Ne4 {(00:09} Kf7 {(00:
54} 23. Kd2 {(03:17} h5 {(00:33} 24. Rf1 {(01:19} Ke6
{(00:29} 25. Bc3 {(00:13} f3 {(00:30} 26. Ng5+ {
(00:33} Kd7 {(00:28} 27. Nxf3 {(00:07} Bxf3 {(
00:32} 28. Rxf3 {(00:04} Ke7 {(00:29} 29. Rf5 {(00:09}
Rad8 {(00:32} 30. Rxh5 {(01:20} Rd5 {(00:31} 31. Rh6 {
(00:31} Rf5 {(00:28} 32. Rxc6 {(00:29} Kd7 {(00:
30} 33. Ra6 {(00:11} Rf2+ {(00:30} 34. Kc1 {(00:26}
Rh2 {(00:31} 35. Rxa7+ {(00:36} Ke6 {(00:31} 36. Ra6+ {
(00:07} Kf7 {(00:17} 37. Rf6+ {(00:13} Ke7 {(00:
29} 38. Be5 {(00:18} Rxh4 {(00:41} 39. Rf8 {(00:17}
Rh1+ {(00:30} 40. Kb2 {(00:00} 1-0

[Event "42nd Olympiad Baku 2016 Women"]
[Site "Baku"]
[Date "2016.09.08"]
[Round "6.11"]
[White "Fuad Kamel Jamaliah, Natalie"]
[Black "Francis, Thapelo"]
[Result "1-0"]
[ECO "D00"]
[WhiteElo "2064"]
[BlackElo "1700"]
[Annotator ""]
[PlyCount "79"]
[EventDate "2016.??.??"]
[EventType "team-tourn"]
[EventCountry "AZE"]
[SourceTitle "playchess.com"]
[Source "ChessBase"]
[WhiteTeam "Jordan"]
[BlackTeam "Botswana"]
[WhiteTeamCountry "JOR"]
[BlackTeamCountry "BOT"]
[TimeControl "40/5400+30:1800+30"]

1. d4 {(00:00} d5 {(00:00} 2. Bf4 {(00:00} c6 {(
00:06} 3. c3 {(00:17} Nf6 {(01:47} 4. e3 {(00:29} Bf5
{(01:00} 5. Nd2 {(07:28} Nbd7 {(00:43} 6. h3 {(
00:34} e6 {(04:56} 7. Ngf3 {(02:52} Be7 {(03:07} 8.
Be2 {(00:51} h6 {(05:08} 9. O-O {(00:51} O-O {(
00:16} 10. Qb3 {(06:53} Qb6 {(01:01} 11. Ne5 {(06:52}
Nxe5 {(07:36} 12. Bxe5 {(01:55} Nd7 {(00:45} 13. Bh2 {
(08:30} c5 {(04:20} 14. f3 {(13:37} cxd4 {(05:
26} 15. exd4 {(02:14} a6 {(07:15} 16. Rfe1 {(05:52}
Bf6 {(01:23} 17. Kh1 {(01:03} Rfe8 {(02:57} 18. Bf1 {
(02:38} Qc6 {(02:11} 19. f4 {(03:44} Qc7 {(12:
05} 20. g4 {(06:46} Bh7 {(01:56} 21. Bg2 {(02:12} Qb6
{(08:44} 22. Re3 {(02:40} Qxb3 {(06:13} 23. axb3 {
(00:22} Nb6 {(01:41} 24. Bg3 {(00:39} Rac8 {(00:
30} 25. Rae1 {(00:33} Red8 {(01:22} 26. Nf3 {(00:26}
Bc2 {(00:51} 27. Nd2 {(00:18} Bh7 {(01:37} 28. h4 {
(02:41} g5 {(03:43} 29. hxg5 {(01:17} hxg5 {(00:
12} 30. Rf1 {(02:48} gxf4 {(01:22} 31. Bxf4 {(00:12}
Kg7 {(00:57} 32. Rh3 {(01:40} Be7 {(01:01} 33. Rf2 {
(05:35} Bg6 {(02:15} 34. Bh6+ {(02:39} Kg8 {(00:
22} 35. Bf1 {(02:04} Bf8 {(00:21} 36. Bg5 {(00:23} Rd7
{(01:43} 37. Bf6 {(01:09} Bg7 {(00:13} 38. g5 {(
00:25} Be4+ {(05:17} 39. Nxe4 {(00:24} dxe4 {(00:05}
40. Rfh2 {(00:00} 1-0

[Event "42nd Olympiad Baku 2016 Women"]
[Site "Baku"]
[Date "2016.09.08"]
[Round "6.8"]
[White "Fuchs, Judith"]
[Black "Deur Saric, Zrinka"]
[Result "1/2-1/2"]
[ECO "B23"]
[WhiteElo "2287"]
[BlackElo "2185"]
[Annotator ""]
[PlyCount "43"]
[EventDate "2016.??.??"]
[EventType "team-tourn"]
[EventCountry "AZE"]
[SourceTitle "playchess.com"]
[Source "ChessBase"]
[WhiteTeam "Germany"]
[BlackTeam "Croatia"]
[WhiteTeamCountry "GER"]
[BlackTeamCountry "CRO"]
[TimeControl "40/5400+30:1800+30"]

1. e4 {(00:00} c5 {(00:00} 2. Nc3 {(00:00} d6 {(
00:06} 3. f4 {(00:00} Nc6 {(01:02} 4. Nf3 {(00:47} e6
{(09:43} 5. Bb5 {(13:11} Nge7 {(08:32} 6. O-O {(
02:19} a6 {(02:02} 7. Be2 {(00:40} Nd4 {(11:57} 8.
Nxd4 {(08:41} cxd4 {(00:16} 9. Nb1 {(00:08} Bd7 {
(02:20} 10. c3 {(05:16} Qb6 {(05:28} 11. Kh1 {(
00:59} Nc6 {(03:19} 12. d3 {(14:40} Be7 {(03:45} 13.
Nd2 {(01:16} O-O {(07:20} 14. Nf3 {(01:19} Bf6 {
(03:02} 15. c4 {(02:11} g6 {(03:57} 16. b3 {(03:
09} Bg7 {(03:03} 17. Ba3 {(03:59} Nb4 {(02:07} 18. Qd2
{(01:59} a5 {(00:08} 19. Nh4 {(07:36} Bc6 {(07:
29} 20. Nf3 {(08:59} Bd7 {(04:40} 21. Nh4 {(02:00} Bc6
{(00:10} 22. Nf3 {(03:22} 1/2-1/2

[Event "42nd Olympiad Baku 2016 Women"]
[Site "Baku"]
[Date "2016.09.08"]
[Round "6.20"]
[White "Fuentes Inzunza, Lesly"]
[Black "Katanova, Aynur"]
[Result "1/2-1/2"]
[ECO "D02"]
[WhiteElo "1840"]
[BlackElo "1784"]
[Annotator ""]
[PlyCount "86"]
[EventDate "2016.??.??"]
[EventType "team-tourn"]
[EventCountry "AZE"]
[SourceTitle "playchess.com"]
[Source "ChessBase"]
[WhiteTeam "Chile"]
[BlackTeam "Azerbaijan"]
[WhiteTeamCountry "CHI"]
[BlackTeamCountry "AZE"]
[TimeControl "40/5400+30:1800+30"]

1. d4 {(00:00} d5 {(00:00} 2. Nf3 {(00:00} Nf6 {
(00:00} 3. Bf4 {(00:00} e6 {(03:44} 4. e3 {(00:
00} Bd6 {(06:51} 5. Bg3 {(00:07} O-O {(01:04} 6. Ne5 {
(11:36} c5 {(12:18} 7. Nd2 {(09:45} Nc6 {(13:22]
} 8. c3 {(02:37} Qc7 {(03:24} 9. f4 {(06:18} Nd7 {
(07:36} 10. Bd3 {(01:23} f5 {(04:35} 11. Bf2 {(
11:42} Ne7 {(21:54} 12. g4 {(06:58} Rb8 {(03:19} 13.
Rg1 {(10:04} b5 {(01:52} 14. a3 {(03:49} a5 {(
01:06} 15. Ndf3 {(04:05} c4 {(03:28} 16. Bc2 {(01:16}
b4 {(02:19} 17. Bh4 {(02:45} bxc3 {(04:55} 18. bxc3 {
(00:03} Nf6 {(02:01} 19. Bxf6 {(01:46} Rxf6 {(
00:01} 20. gxf5 {(08:51} Nxf5 {(00:10} 21. Bxf5 {(00:
45} Rxf5 {(00:35} 22. Nh4 {(05:07} Rf8 {(01:24} 23.
Qh5 {(06:44} Rb3 24. Ng4 {(01:52} Rxc3 {(04:59} 25.
Nh6+ {(01:12} Kh8 {(00:00} 26. Ng6+ {(01:14} hxg6 {
(00:07} 27. Rxg6 {(01:02} Rxe3+ {(01:20} 28. Kd1 {
(00:20} Rd3+ {(00:41} 29. Kc2 {(00:10} Qb7 {(00:
45} 30. Nf5+ {(02:22} Kg8 {(00:06} 31. Rxg7+ {(00:31}
Qxg7 {(00:05} 32. Nxg7 {(00:08} Kxg7 {(01:00} 33. Rg1+
{(00:02} Kf6 {(00:11} 34. Qg5+ {(01:15} Kf7 {(
00:04} 35. Qh5+ {(00:41} Ke7 {(00:24} 36. Rg7+ {(00:12]
} Kd8 {(00:08} 37. Qg5+ {(00:46} Ke8 {(00:07} 38. Qh5+
{(00:29} Kd8 {(00:01} 39. Qh4+ {(00:10} Ke8 {(
00:06} 40. Qh5+ {(00:00} Kd8 {(00:00} 41. Qg5+ {(09:35]
} Ke8 {(01:10} 42. h4 {(01:45} Rd2+ {(07:22} 43. Kc3 {
(04:09} Rd3+ {(01:18} 1/2-1/2

[Event "42nd Olympiad Baku 2016 Women"]
[Site "Baku"]
[Date "2016.09.08"]
[Round "6.12"]
[White "Gara, Anita"]
[Black "Mukhit, Aisezym"]
[Result "1/2-1/2"]
[ECO "B40"]
[WhiteElo "2355"]
[BlackElo "2065"]
[Annotator ""]
[PlyCount "174"]
[EventDate "2016.??.??"]
[EventType "team-tourn"]
[EventCountry "AZE"]
[SourceTitle "playchess.com"]
[Source "ChessBase"]
[WhiteTeam "Hungary"]
[BlackTeam "Kazakhstan"]
[WhiteTeamCountry "HUN"]
[BlackTeamCountry "KAZ"]
[TimeControl "40/5400+30:1800+30"]

1. e4 {(00:00} c5 {(00:00} 2. Nf3 {(00:00} e6 {(
00:02} 3. c4 {(00:19} a6 {(02:32} 4. Nc3 {(00:26} Qc7
{(00:30} 5. Be2 {(00:22} b6 {(01:20} 6. O-O {(
01:12} Bb7 {(01:04} 7. d4 {(00:08} cxd4 {(00:49} 8.
Nxd4 {(00:07} Nf6 {(00:10} 9. Qd3 {(01:01} d6 {(
03:25} 10. f4 {(12:05} Nbd7 {(02:00} 11. b4 {(02:38}
Rc8 {(11:11} 12. Bd2 {(04:38} Be7 {(04:56} 13. Rac1 {
(02:18} O-O {(00:54} 14. f5 {(14:13} Ne5 {(32:
05} 15. Qg3 {(00:30} Qd7 {(12:29} 16. Bh6 {(01:23} Ne8
{(03:57} 17. f6 {(02:34} Bxf6 {(00:46} 18. Rxf6 {
(00:06} Kh8 {(00:19} 19. Bxg7+ {(32:10} Nxg7 {(
00:04} 20. Qh3 {(00:06} Ng6 {(03:19} 21. Rcf1 {(01:09}
Kg8 {(03:26} 22. Qh6 {(02:11} Qe7 {(01:27} 23. Qg5 {
(07:00} Rc7 {(01:50} 24. h4 {(01:30} e5 {(11:03]
} 25. Nf5 {(01:28} Nxf5 {(00:23} 26. R1xf5 {(03:34} Kh8
{(00:11} 27. Qh6 {(04:11} Rg8 {(00:44} 28. Kh2 {
(02:12} Nf4 {(01:05} 29. Bf1 {(00:01} Rg6 {(01:
05} 30. Rxg6 {(00:30} Nxg6 {(00:03} 31. Rh5 {(00:41}
Nf8 {(00:18} 32. Rg5 {(00:28} f6 {(01:08} 33. Rf5 {
(00:58} Nd7 {(00:12} 34. Rf3 {(02:20} Qg7 {(00:
23} 35. Qh5 {(00:07} Qg6 {(00:22} 36. Qxg6 {(00:48}
hxg6 {(00:02} 37. g4 {(00:24} Kg7 {(00:33} 38. Kg3 {
(00:16} Nf8 {(00:21} 39. Nd5 {(00:50} Bxd5 {(00:
14} 40. exd5 {(00:00} Nd7 {(00:00} 41. Ra3 {(09:17} a5
{(09:49} 42. Ra4 {(09:16} axb4 {(02:31} 43. Rxb4 {
(00:17} Ra7 {(00:12} 44. a4 {(01:51} Ra6 {(06:
31} 45. Bd3 {(00:23} Nc5 {(00:07} 46. Bc2 {(00:04} Nd7
{(03:40} 47. h5 {(02:14} gxh5 {(01:36} 48. gxh5 {
(00:06} Kh6 {(00:31} 49. Kg4 {(02:47} Nc5 {(07:
59} 50. Kf5 {(05:16} e4 {(03:05} 51. Bxe4 {(01:53}
Nxe4 {(00:12} 52. Kxe4 {(00:03} Kg5 {(00:15} 53. Kd4 {
(01:39} Kxh5 {(00:21} 54. Rb1 {(00:14} f5 {(00:
14} 55. Ra1 {(02:11} Kg5 {(01:01} 56. Ke3 {(00:27} f4+
{(00:16} 57. Ke4 {(00:17} Ra8 {(01:11} 58. Rg1+ {
(01:07} Kf6 {(00:13} 59. Ra1 {(00:25} Kg5 {(01:
30} 60. Rg1+ {(00:40} Kf6 {(00:17} 61. Rf1 {(00:51}
Rxa4 {(00:23} 62. Rxf4+ {(00:03} Kg5 {(00:41} 63. Rf8 {
(01:11} Rxc4+ {(00:06} 64. Kd3 {(00:02} Rf4 {(
01:26} 65. Rd8 {(01:11} Rf6 {(00:05} 66. Rb8 {(00:05}
Kf5 {(00:16} 67. Rxb6 {(01:40} Ke5 {(00:05} 68. Rb5 {
(00:17} Rf4 {(00:07} 69. Ke2 {(00:31} Rd4 {(00:
13} 70. Rb8 {(00:41} Kxd5 {(00:41} 71. Rh8 {(00:55}
Re4+ {(00:30} 72. Kd2 {(00:12} Kd4 {(00:09} 73. Rh3 {
(00:21} Rg4 {(00:41} 74. Ra3 {(00:09} Rg2+ {(00:
12} 75. Kd1 {(00:19} d5 {(00:05} 76. Rh3 {(00:31} Kc4
{(00:10} 77. Rf3 {(00:21} d4 {(00:12} 78. Rh3 {(
00:19} Kd5 {(01:36} 79. Ra3 {(00:08} Rh2 {(00:08} 80.
Rg3 {(00:30} Ke4 {(00:07} 81. Ra3 {(00:15} Kf4 {
(00:51} 82. Rb3 {(00:08} Ke4 {(00:18} 83. Ra3 {(
00:05} d3 {(00:05} 84. Ra8 {(00:05} Ke3 {(00:25} 85.
Re8+ {(00:05} Kd4 {(00:04} 86. Rd8+ {(00:04} Ke3 {
(00:03} 87. Re8+ {(00:05} Kd4 {(00:09} 1/2-1/2

[Event "42nd Olympiad Baku 2016 Women"]
[Site "Baku"]
[Date "2016.09.08"]
[Round "6.17"]
[White "Geldiyeva, Mahri"]
[Black "Li, Ruofan"]
[Result "1/2-1/2"]
[ECO "E15"]
[WhiteElo "2285"]
[BlackElo "2353"]
[Annotator ""]
[PlyCount "120"]
[EventDate "2016.??.??"]
[EventType "team-tourn"]
[EventCountry "AZE"]
[SourceTitle "playchess.com"]
[Source "ChessBase"]
[WhiteTeam "Turkmenistan"]
[BlackTeam "Singapore"]
[WhiteTeamCountry "TKM"]
[BlackTeamCountry "SIN"]
[TimeControl "40/5400+30:1800+30"]

1. d4 {(00:00} Nf6 {(00:00} 2. c4 {(00:22} e6 {(
01:19} 3. Nf3 {(00:22} b6 {(00:05} 4. g3 {(00:22} Ba6
{(00:45} 5. b3 {(04:01} d5 {(02:32} 6. cxd5 {(
03:48} exd5 {(00:04} 7. Bg2 {(00:03} Bb4+ {(00:18} 8.
Bd2 {(00:21} Bd6 {(00:05} 9. O-O {(01:22} O-O {(
00:43} 10. a3 {(05:45} Nbd7 {(01:45} 11. Re1 {(03:40}
Re8 {(01:15} 12. Bc3 {(08:58} Ne4 {(15:44} 13. Bb2 {
(00:51} Ndf6 {(04:03} 14. Ne5 {(17:01} Bxe5 {(
10:58} 15. dxe5 {(01:03} Ng4 {(00:04} 16. f3 {(02:35}
Ne3 {(01:06} 17. Qc1 {(00:14} Nxg2 {(00:19} 18. Kxg2 {
(00:03} Nc5 {(02:58} 19. Qd1 {(06:51} d4 {(05:
08} 20. b4 {(07:58} Ne6 {(00:51} 21. Qb3 {(00:41} Qg5
{(04:50} 22. e3 {(05:56} Rad8 {(18:41} 23. Nd2 {
(05:54} dxe3 {(09:55} 24. Ne4 {(01:33} Qh5 {(00:
38} 25. Rxe3 {(09:45} Ng5 {(05:19} 26. Nf2 {(02:12}
Rd2 {(06:09} 27. h4 {(05:45} Red8 {(00:05} 28. Rd1 {
(01:51} Rxd1 {(04:35} 29. Nxd1 {(00:02} Ne6 {(
00:05} 30. Nf2 {(00:23} Qg6 {(02:09} 31. b5 {(01:18}
Bb7 {(00:47} 32. Qc3 {(00:26} Nc5 {(01:10} 33. e6 {
(00:44} fxe6 {(00:16} 34. h5 {(00:50} Qg5 {(01:
19} 35. Nh3 {(00:55} Qf6 {(00:54} 36. Qxf6 {(00:20}
gxf6 {(00:04} 37. Bxf6 {(00:05} Rd2+ {(00:12} 38. Kg1 {
(01:01} Nd3 {(01:14} 39. Ng5 {(01:36} Rd1+ {(00:
28} 40. Kg2 {(00:00} h6 {(00:00} 41. Nxe6 {(07:21}
Ne1+ {(05:14} 42. Kf2 {(12:40} Nxf3 {(00:22} 43. Nd8 {
(00:12} Rd2+ {(00:18} 44. Kf1 {(05:08} Nh2+ {(
03:41} 45. Ke1 {(00:06} Nf3+ {(00:05} 46. Rxf3 {(00:37]
} Rxd8 {(00:02} 47. Bxd8 {(00:05} Bxf3 {(00:08} 48.
Bxc7 {(00:09} Bxh5 {(04:53} 49. Bb8 {(00:18} Be8 {
(00:41} 50. a4 {(02:51} a6 {(04:50} 51. bxa6 {(
01:38} Bxa4 {(00:03} 52. Bc7 {(00:05} h5 {(01:30} 53.
Kd2 {(01:55} Kf7 {(01:05} 54. Kc3 {(00:36} Bb5 {
(00:55} 55. a7 {(00:54} Bc6 {(00:04} 56. Bxb6 {(
00:36} Ke6 {(00:05} 57. Kd4 {(01:35} Kd7 {(00:11} 58.
Kc5 {(00:15} Bf3 {(00:09} 59. Ba5 {(00:20} Kc8 {
(00:22} 60. Kb6 {(00:17} Be4 {(00:04} 1/2-1/2

[Event "42nd Olympiad Baku 2016 Women"]
[Site "Baku"]
[Date "2016.09.08"]
[Round "6.4"]
[White "Girya, Olga"]
[Black "Ushenina, Anna"]
[Result "1-0"]
[ECO "E12"]
[WhiteElo "2452"]
[BlackElo "2457"]
[Annotator ""]
[PlyCount "123"]
[EventDate "2016.??.??"]
[EventType "team-tourn"]
[EventCountry "AZE"]
[SourceTitle "playchess.com"]
[Source "ChessBase"]
[WhiteTeam "Russia"]
[BlackTeam "Ukraine"]
[WhiteTeamCountry "RUS"]
[BlackTeamCountry "UKR"]
[TimeControl "40/5400+30:1800+30"]

1. d4 {(00:00} Nf6 {(00:00} 2. c4 {(00:00} e6 {(
00:06} 3. Nf3 {(00:01} b6 {(00:25} 4. a3 {(00:24} Bb7
{(01:31} 5. Nc3 {(00:15} d5 {(00:35} 6. Bg5 {(
00:16} Be7 {(03:17} 7. e3 {(00:07} O-O {(05:40} 8. Qc2
{(00:11} h6 {(05:37} 9. Bxf6 {(00:18} Bxf6 {(00:
02} 10. cxd5 {(00:10} exd5 {(00:04} 11. h4 {(00:22} c5
{(04:34} 12. O-O-O {(01:06} cxd4 {(18:08} 13. exd4 {
(00:35} Qd6 {(06:58} 14. Kb1 {(00:50} Nd7 {(13:
13} 15. g4 {(08:35} Qf4 {(01:25} 16. Be2 {(05:58} g6 {
(10:17} 17. g5 {(21:51} hxg5 {(00:04} 18. hxg5 {
(01:15} Bg7 {(08:04} 19. Rh4 {(03:55} Qd6 {(00:
56} 20. Nh2 {(10:15} Rac8 {(10:12} 21. f4 {(01:59} a6
{(02:21} 22. Ng4 {(01:27} Rfe8 {(02:05} 23. Ne5 {
(02:32} Nxe5 {(01:03} 24. fxe5 {(03:34} Qe7 {(
00:55} 25. Qd2 {(00:37} b5 {(00:40} 26. Bg4 {(07:15}
Rc4 {(01:50} 27. Rdh1 {(00:57} Kf8 {(00:12} 28. Qh2 {
(14:34} Qxg5 {(00:32} 29. Bd7 {(00:55} Rd8 {(01:
43} 30. e6 {(01:40} Ke7 {(00:33} 31. Rh7 {(02:08} Qf6
{(00:50} 32. Re1 {(06:59} g5 {(00:27} 33. Ka2 {(
02:27} Qg6 {(00:50} 34. Qh3 {(01:44} f5 {(00:55} 35.
Re5 {(00:56} Rf8 {(00:47} 36. Nxd5+ {(00:23} Bxd5 {
(00:03} 37. Rxd5 {(00:03} f4 {(00:59} 38. Bxb5 {
(00:49} Rc7 {(00:01} 39. Bd3 {(00:39} Qf6 {(00:
10} 40. Rf5 {(00:00} Qxd4 {(00:00} 41. Qg2 {(12:40}
Rxf5 {(07:17} 42. Bxf5 {(00:05} Qf6 {(11:02} 43. Bg4 {
(03:12} Qe5 {(04:20} 44. Rh3 {(02:58} Qb5 {(04:
50} 45. Rb3 {(11:22} Qc4 {(02:02} 46. Be2 {(00:30}
Qxe6 {(01:12} 47. Qxg5+ {(00:04} Bf6 {(00:02} 48. Qh5 {
(00:20} Bg7 {(01:36} 49. Bf3 {(00:56} Qe5 {(01:
42} 50. Qg6 {(00:47} Qf6 {(00:38} 51. Qh7 {(01:05} a5
{(01:09} 52. Rb5 {(00:47} a4 {(00:57} 53. Bd5 {(
01:50} Rd7 {(01:03} 54. Qe4+ {(00:26} Kd8 {(00:19} 55.
Qxa4 {(01:04} Qd4 {(00:28} 56. Qa8+ {(00:42} Ke7 {
(00:01} 57. Qg8 {(00:22} Qf6 {(00:27} 58. Rb8 {(
00:20} Bf8 {(00:35} 59. Bc4 {(01:08} Rc7 {(00:53} 60.
Qd5 {(00:36} Rd7 {(00:49} 61. Qe4+ {(00:07} Kd6 {
(00:17} 62. Rb6+ {(00:06] Kd5} 1-0

[Event "42nd Olympiad Baku 2016 Women"]
[Site "Baku"]
[Date "2016.09.08"]
[Round "6.5"]
[White "Golubenko, Valentina"]
[Black "Paehtz, Elisabeth"]
[Result "1/2-1/2"]
[ECO "A53"]
[WhiteElo "2245"]
[BlackElo "2474"]
[Annotator ""]
[PlyCount "123"]
[EventDate "2016.??.??"]
[EventType "team-tourn"]
[EventCountry "AZE"]
[SourceTitle "playchess.com"]
[Source "ChessBase"]
[WhiteTeam "Croatia"]
[BlackTeam "Germany"]
[WhiteTeamCountry "CRO"]
[BlackTeamCountry "GER"]
[TimeControl "40/5400+30:1800+30"]

1. d4 {(00:00} Nf6 {(00:00} 2. c4 {(00:00} d6 {(
00:07} 3. g3 {(00:29} g6 {(00:04} 4. Bg2 {(00:03} Bg7
{(00:03} 5. Nf3 {(00:34} O-O {(00:05} 6. Nc3 {(
00:07} Bg4 {(00:09} 7. O-O {(03:55} Qc8 {(00:17} 8.
Re1 {(03:41} c5 {(00:19} 9. dxc5 {(18:00} Qxc5 {
(00:08} 10. Qb3 {(01:59} Bc8 {(23:37} 11. Be3 {(
09:04} Qh5 {(00:06} 12. Nd5 {(14:31} Nc6 {(01:54} 13.
Bg5 {(07:36} Nxd5 {(07:50} 14. cxd5 {(00:05} Nd4 {
(00:03} 15. Nxd4 {(02:17} Qxg5 {(00:05} 16. Nb5 {
(01:13} Bd7 {(02:43} 17. Rac1 {(03:09} Qd2 {(04:
52} 18. Na3 {(10:17} Qxb2 {(03:31} 19. Rc7 {(00:30}
Rfd8 {(07:00} 20. Qxb7 {(04:22} Qxa3 {(14:18} 21. Rxd7
{(00:11} Rdb8 {(00:06} 22. Qc6 {(01:20} Bf6 {(
04:16} 23. e4 {(05:26} Qa5 {(06:44} 24. Rf1 {(05:13}
Kf8 {(06:30} 25. a4 {(07:24} Rc8 {(02:41} 26. Qb5 {
(00:30} Qxb5 {(00:21} 27. axb5 {(00:02} Bd4 {(
00:19} 28. Rb7 {(00:45} Rc2 {(03:57} 29. Bh3 {(00:30}
Re2 {(00:06} 30. Bd7 {(01:06} Rxe4 {(00:53} 31. Kg2 {
(00:18} Re2 {(00:21} 32. Kf3 {(00:11} Rb2 {(01:
03} 33. Bc6 {(00:27} f5 {(04:35} 34. h4 {(01:02} Kf7 {
(01:27} 35. Rxe7+ {(00:23} Kxe7 {(00:05} 36. Bxa8 {
(00:02} Rxb5 {(00:16} 37. Re1+ {(00:04} Kf7 {(
02:10} 38. Re2 {(00:09} Rb3+ {(02:00} 39. Kg2 {(00:07}
a5 {(02:55} 40. Ra2 {(00:00} Bb6 {(00:00} 41. Bc6 {
(01:14} Kf6 {(07:37} 42. Re2 {(01:59} Bc5 {(00:
23} 43. Ra2 {(04:19} Bb4 {(03:05} 44. f3 {(05:01} Re3
{(00:29} 45. Kf2 {(01:06} Bc5 {(02:14} 46. Kg2 {
(00:20} Bb4 {(02:47} 47. Kf2 {(00:27} Rc3 {(00:
19} 48. f4 {(06:21} Rc1 {(00:07} 49. Re2 {(03:41} Bc5+
{(00:53} 50. Kg2 {(00:39} Ra1 {(00:23} 51. Re6+ {
(00:25} Kf7 {(01:26} 52. h5 {(00:37} gxh5 {(04:
30} 53. Be8+ {(03:29} Kg7 {(00:06} 54. Bxh5 {(00:22}
a4 {(01:11} 55. Re7+ {(04:44} Kh6 {(00:06} 56. g4 {
(01:26} fxg4 {(01:59} 57. Bxg4 {(00:03} Rg1+ {(
02:47} 58. Kf3 {(00:30} Rf1+ {(05:19} 59. Kg3 {(00:27}
Rg1+ {(02:51} 60. Kf3 {(00:04} Rf1+ {(00:04} 61. Kg3 {
(00:17} Rg1+ {(02:13} 62. Kf3 1/2-1/2

[Event "42nd Olympiad Baku 2016 Women"]
[Site "Baku"]
[Date "2016.09.08"]
[Round "6.18"]
[White "Gomez Barrera, Javiera Belen"]
[Black "Balajayeva, Khanim"]
[Result "0-1"]
[ECO "C50"]
[WhiteElo "2027"]
[BlackElo "2147"]
[Annotator ""]
[PlyCount "132"]
[EventDate "2016.??.??"]
[EventType "team-tourn"]
[EventCountry "AZE"]
[SourceTitle "playchess.com"]
[Source "ChessBase"]
[WhiteTeam "Chile"]
[BlackTeam "Azerbaijan"]
[WhiteTeamCountry "CHI"]
[BlackTeamCountry "AZE"]
[TimeControl "40/5400+30:1800+30"]

1. e4 {(00:00} e5 {(00:00} 2. Nf3 {(00:00} Nc6 {
(00:00} 3. Bc4 {(00:07} Bc5 {(00:00} 4. d3 {(00:
30} Nf6 {(00:00} 5. O-O {(00:20} d6 {(00:23} 6. c3 {
(00:20} O-O {(00:47} 7. a4 {(01:46} a6 {(01:51}
8. Re1 {(03:42} h6 {(03:38} 9. Nbd2 {(01:52} Ba7 {
(01:40} 10. Bb3 {(06:31} Ne7 {(03:04} 11. Nf1 {(
02:24} Ng6 {(00:15} 12. Ng3 {(05:52} c6 {(09:15} 13.
h3 {(14:54} Qc7 {(09:16} 14. d4 {(02:00} Re8 {(
07:16} 15. Be3 {(13:09} c5 {(19:37} 16. dxe5 {(02:48}
dxe5 {(00:22} 17. Bc4 {(01:23} Bd7 {(01:39} 18. a5 {
(06:13} Rad8 {(07:21} 19. Qc2 {(02:02} Nf4 {(01:
13} 20. Nh4 {(06:42} Be6 {(09:05} 21. b3 {(03:48} Bxc4
{(03:54} 22. bxc4 {(00:02} Nh7 {(00:38} 23. Nhf5 {
(07:20} Ng5 {(01:32} 24. h4 {(03:03} Nge6 {(00:
22} 25. Ne2 {(01:28} Qc6 {(03:26} 26. f3 {(04:21} Bb8
{(02:57} 27. g3 {(01:51} Nxe2+ {(01:50} 28. Qxe2 {
(00:32} Rd7 {(03:53} 29. Red1 {(01:11} Rxd1+ {(
01:52} 30. Qxd1 {(00:11} Bc7 {(00:28} 31. Qd5 {(00:18}
Kf8 {(00:47} 32. Qd2 {(02:25} Rd8 {(00:20} 33. Qc1 {
(01:28} h5 {(02:20} 34. Bf2 {(02:01} Qd7 {(03:
54} 35. Qa3 {(01:34} Qd3 {(00:45} 36. Bxc5+ {(02:45}
Kg8 {(00:03} 37. Ne3 {(00:38} Nxc5 {(00:55} 38. Qxc5 {
(00:04} Bd6 {(00:18} 39. Qb6 {(00:38} Rc8 {(00:
12} 40. Rd1 {(00:00} Qxd1+ {(00:00} 41. Nxd1 {(01:15}
Bc5+ {(00:07} 42. Ne3 {(00:10} Bxb6 {(00:06} 43. axb6 {
(00:02} Rc6 {(00:48} 44. Nd5 {(01:39} Rxc4 {(01:
11} 45. Kf2 {(00:08} Kf8 {(00:50} 46. Ke3 {(00:09} Ke8
{(00:31} 47. Kd3 {(00:53} Rc6 {(00:07} 48. g4 {(
00:18} Kd7 {(01:17} 49. c4 {(01:19} hxg4 {(01:58} 50.
fxg4 {(00:02} Rh6 {(00:10} 51. h5 {(00:16} Kc6 {
(00:23} 52. Ne7+ {(01:32} Kxb6 {(00:17} 53. Nf5 {
(00:01} Rh7 {(00:13} 54. Nd6 {(00:55} g6 {(00:
38} 55. h6 {(06:42} Kc6 {(01:12} 56. c5 {(00:32} Kxc5
{(00:39} 57. Nxb7+ {(00:06} Kc6 {(02:09} 58. Na5+ {
(00:12} Kb5 {(00:09} 59. Nc4 {(00:08} f6 {(01:
02} 60. Nd6+ {(00:37} Kc5 {(00:19} 61. Ne8 {(00:18}
Rxh6 {(00:11} 62. Nxf6 {(01:32} Rh3+ {(00:06} 63. Kc2 {
(00:11} Kd4 {(00:14} 64. Nd7 {(00:52} Kxe4 {(00:
23} 65. Nf8 {(00:28} Rg3 {(00:33} 66. Nxg6 {(00:12}
Rxg4 {(00:03} 0-1